 Dungeon Crawl Stone Soup version 0.27.1-33-g824d729ab1 (webtiles) character file.

Game seed: 7104879854457284705

3985 SibleyIrresistible the Destroyer (level 10, -7/59 HPs)
             Began as a Tengu Air Elementalist on Dec 21, 2021.
             Was a Believer of Vehumet.
             Mangled by a tengu warrior (25 damage)
             ... on level 8 of the Dungeon on Dec 25, 2021.
             The game lasted 00:43:14 (10075 turns).

SibleyIrresistible the Destroyer (TeAE)            Turns: 10075, Time: 00:43:15

Health: -7/59      AC:  3    Str:  9    XL:     10   Next: 22%
Magic:  6/19       EV: 16    Int: 30    God:    Vehumet [**....]
Gold:   443        SH:  0    Dex: 15    Spells: 10/20 levels left

rFire    . . .     SeeInvis .   y - +2 dagger (venom)
rCold    . . .     Faith    .   (no shield)
rNeg     . . .     Spirit   .   a - +0 robe
rPois    .         Reflect  .   (helmet restricted)
rElec    .         Harm     .   (no cloak)
rCorr    .         Rampage  .   t - +0 pair of gloves
Will     .....                  (boots unavailable)
Stlth    ++........             k - amulet of regeneration
HPRegen  1.19/turn              v - +6 ring of intelligence
MPRegen  0.16/turn              C - +6 ring of intelligence

@: flying quickly and evasively, quick
A: beak, talons 3, nimble flight
a: Renounce Religion


You were on level 8 of the Dungeon.
You worshipped Vehumet.
Vehumet was pleased with you.
You visited 2 branches of the dungeon, and saw 9 of its levels.

You collected 443 gold pieces.

Inventory:

Hand Weapons
 y - a +2 dagger of venom (weapon)
Armour
 a - a +0 robe (worn)
 t - a +0 pair of gloves (worn)
 A - a scarf of harm
 D - the +5 chain mail "Zeimnaehi" {rC+ Dex+3 Stlth+}
   (You found it on level 8 of the Dungeon)

   Dex:       It affects your dexterity (+3).
   rC:        It protects you from cold.
   Stlth:     It makes you more stealthy.
Jewellery
 k - an amulet of regeneration (around neck)
 v - a +6 ring of intelligence (left hand)
 C - a +6 ring of intelligence (right hand)
Wands
 w - a wand of acid (8)
 x - a wand of flame (13)
Scrolls
 f - 2 scrolls of immolation {unknown}
 h - a scroll of amnesia {unknown}
 j - 3 scrolls of teleportation
 l - 3 scrolls of fog {unknown}
 m - 2 scrolls of fear {unknown}
 n - 5 scrolls of identify
 o - a scroll of summoning {unknown}
 q - 2 scrolls of noise {unknown}
 s - a scroll of magic mapping {unknown}
 z - a scroll of enchant armour {unknown}
 B - a scroll of blinking {unknown}
Potions
 b - 4 potions of curing {unknown}
 c - a potion of invisibility {unknown}
 d - 4 potions of might {unknown}
 e - 2 potions of attraction {unknown}
 g - 2 potions of brilliance {unknown}
 i - 4 potions of flight
 p - a potion of degeneration {unknown}
 r - a potion of heal wounds
 u - 2 potions of lignification {unknown}


   Skills:
 - Level 5.1 Fighting
 - Level 4.0 Dodging
 - Level 2.0 Stealth
 + Level 5.9 Spellcasting
 + Level 11.1 Conjurations
 * Level 10.8 Air Magic


You had 10 spell levels left.
You knew the following spells:

 Your Spells              Type           Power      Damage    Failure   Level
a - Shock                 Conj/Air       100%       1d9       1%          1
b - Swiftness             Air            65%        N/A       1%          3
c - Static Discharge      Conj/Air       65%        N/A       1%          2
d - Airstrike             Air            32%        N/A       1%          4

Your spell library contained the following spells:

 Spells                   Type           Power      Damage    Failure   Level
 Ignite Poison            Fire/Tmut/Pois 8%         N/A       16%         3
 Sublimation of Blood     Necr           4%         N/A       9%          2
 Irradiate                Conj/Tmut      21%        3d21      16%         5
 Petrify                  Tmut/Erth      8%         N/A       47%         4


Dungeon Overview and Level Annotations

Branches:
Dungeon (8/15)             Temple (1/1) D:4            Lair (0/6) D:8

Altars:
Ashenzari
Dithmenos
Fedhas
Hepliaklqana
Kikubaaqudgha
Nemelex Xobeh
Ru
Trog
Uskayaw
Vehumet
Wu Jian
Xom
Yredelemnul
Zin
The Shining One

Shops:
D:2 *?:(:   D:4 *

Annotations:
D:3 3 runed translucent doors, Diggabert's ghost, amateur HOFi; Eryximachus's ghost, amateur TeAE; Flarelocke's ghost, amateur HuFi; halfoni's ghost, amateur OgBe
D:8 1 transporter


Innate Abilities, Weirdness & Mutations

You have a beak for a mouth.
You have claws for feet.
Your magical nature lets you fly swiftly and evasively.


Message History

Confirm with . or Enter, or press ? or * to list all spells.
You can't see any susceptible monsters within range! (Use Z to cast anyway.)
You reach down and close the door.
Found 13 gold pieces.
Casting: Shock (safe; 1% risk of failure)
Confirm with . or Enter, or press ? or * to list all spells.
Aiming: Airstrike (dangerous; 1% risk of failure)
Press: ? - help, Dir - move target, f - tengu warrior
Aim: a tengu warrior, wielding a +0 bardiche and wearing a +0 ring mail The air twists around and strikes the tengu warrior.
The tengu warrior is lightly wounded.
Casting: Airstrike (dangerous; 1% risk of failure)
Confirm with . or Enter, or press ? or * to list all spells.
Aiming: Airstrike (dangerous; 1% risk of failure)
Press: ? - help, Dir - move target, f/p - tengu warrior
Aim: a tengu warrior, wielding a +0 bardiche and wearing a +0 ring mail (lightly wounded)
The air twists around and strikes the tengu warrior!
The tengu warrior is moderately wounded.
The tengu warrior hits you from afar with a +0 bardiche!!
The tengu warrior hits you from afar with a +0 bardiche!!
* * * LOW HITPOINT WARNING * * *
Okay, then.
You feel much better. The tengu warrior closely misses you.
Casting: Airstrike (dangerous; 1% risk of failure)
Confirm with . or Enter, or press ? or * to list all spells.
Aiming: Airstrike (dangerous; 1% risk of failure)
Press: ? - help, Dir - move target, f/p - tengu warrior
Aim: a tengu warrior, wielding a +0 bardiche and wearing a +0 ring mail (lightly wounded)
Okay, then.
Casting: Airstrike (dangerous; 1% risk of failure)
Confirm with . or Enter, or press ? or * to list all spells.
Aiming: Airstrike (dangerous; 1% risk of failure)
Press: ? - help, Dir - move target, f/p - tengu warrior
Aim: a tengu warrior, wielding a +0 bardiche and wearing a +0 ring mail (lightly wounded)
The air twists around and strikes the tengu warrior!
The tengu warrior is heavily wounded.
The tengu warrior hits you from afar with a +0 bardiche!!
* * * LOW HITPOINT WARNING * * *
The tengu warrior hits you from afar with a +0 bardiche!!
You die...

.PP>PP.≈##......# ..........#..
..PP(...###....########+####+##..
##.P.##.###....#........ ........
.#...#..#......#....<... ........
...≈...#.......#........ ........
..###..........#....... ........
.........#######....>. ........
######............#+#######.....#
#..........@.'.......#.....#
#............#.......#.....#
#............Q...........[..
######......#######.##.#..#######
......###+..# #..#.##.# ..OP#
......'...#.# #.#..##.#.###g#
......#...#.# #..#.#..Q.#$+ #
......#...#.# #.#...#.#.###.#
......##..#.# #.##..#.# ..QP#


You could see a tengu warrior.

Vanquished Creatures
  Grinder (D:5)
  Prince Ribbit (D:7)
  A wyvern (D:8)
  A water moccasin (D:6)
  Edmund (D:5)
  4 orc warriors
  A black bear (D:7)
  2 ice beasts
  A hornet zombie (D:8)
  5 necrophages
  2 ogres
  A centaur (D:6)
  A phantom (D:6)
  3 kobold brigands (D:7)
  A bullfrog (D:7)
  A scorpion (D:6)
  A water moccasin zombie (D:5)
  A wyvern skeleton (D:6)
  2 water moccasin skeletons
  3 wights (D:8)
  2 howler monkeys
  2 centaur zombies
  2 bullfrog skeletons
  3 bullfrog zombies
  A gnoll shaman (D:7)
  2 jellies
  2 orc priests
  Jessica (D:3)
  Terence (D:3)
  2 iguanas (D:6)
  5 orc wizards
  2 killer bee zombies
  A hound skeleton (D:5)
  9 gnolls
  A howler monkey skeleton (D:4)
  6 adders
  A river rat (D:4)
  A white imp (D:7)
  2 ufetubi (D:5)
  An adder zombie (D:5)
  2 adder skeletons (D:2)
  3 worms
  4 dart slugs
  19 orcs
  8 bats
  A bat skeleton (D:2)
  6 endoplasms
  5 giant cockroaches
  3 goblins
  4 hobgoblins
  2 jackals (D:2)
  20 kobolds
  4 quokkas
  9 ball pythons
  9 frilled lizards
  4 rats
184 creatures vanquished.

Vanquished Creatures (others)
  5 dream sheep (D:8)
  An orc wizard (D:6)
  3 bushes (D:5)
  12 plants (D:5)
  A withered plant (D:2)
22 creatures vanquished.

Grand Total: 206 creatures vanquished

Notes
Turn   | Place    | Note
-------+----------+-------------------------------------------
     0 | D:1      | SibleyIrresistible the Tengu Air Elementalist began the
                  | quest for the Orb.
     0 | D:1      | Reached XP level 1. HP: 10/10 MP: 4/4
   102 | D:1      | Reached XP level 2. HP: 16/16 MP: 3/6
   326 | D:1      | Reached skill level 1 in Fighting
   652 | D:1      | Reached skill level 5 in Air Magic
   679 | D:1      | Reached XP level 3. HP: 20/20 MP: 3/7
  1376 | D:2      | Found Yweoga Anwy's Book Shop.
  1525 | D:2      | Reached XP level 4. HP: 25/26 MP: 1/8
  1568 | D:2      | Found Vaissugo's Book Emporium.
  1709 | D:2      | Learned a level 3 spell: Swiftness
  1712 | D:2      | Learned a level 2 spell: Static Discharge
  1712 | D:2      | Found Notesor's Magic Scroll Emporium.
  1742 | D:2      | Found Napel's Weapon Emporium.
  1975 | D:2      | Found Waor's General Store.
  2493 | D:3      | Gained mutation: Your magical nature lets you fly swiftly
                  | and evasively. [Tengu growth]
  2493 | D:3      | Reached XP level 5. HP: 30/30 MP: 6/9
  2851 | D:3      | Noticed Terence
  2883 | D:3      | Killed Terence
  3278 | D:3      | Noticed Jessica
  3282 | D:3      | Killed Jessica
  3283 | D:3      | Reached XP level 6. HP: 37/37 MP: 5/10
  3363 | D:3      | Found a runed translucent gate.
  3363 | D:3      | Found a runed translucent gate.
  3364 | D:3      | Found a runed translucent gate.
  3367 | D:3      | Noticed Eryximachus's ghost (amateur TeAE)
  3367 | D:3      | Noticed Diggabert's ghost (amateur HOFi)
  3367 | D:3      | Noticed halfoni's ghost (amateur OgBe)
  3367 | D:3      | Noticed Flarelocke's ghost (amateur HuFi)
  3569 | D:4      | Found Omucs's Mass Market.
  3949 | D:4      | Found a staircase to the Ecumenical Temple.
  3956 | Temple   | Entered the Ecumenical Temple
  4006 | Temple   | Became a worshipper of Vehumet
  4379 | D:4      | Reached XP level 7. HP: 42/42 MP: 7/11
  4850 | D:5      | Entered Level 5 of the Dungeon
  5286 | D:5      | Noticed Grinder
  5482 | D:5      | Noticed Edmund
  5499 | D:5      | Killed Edmund
  5500 | D:5      | Reached skill level 10 in Air Magic
  5898 | D:5      | Paralysed by Grinder for 4 turns
  5903 | D:5      | Killed Grinder
  5904 | D:5      | Reached skill level 5 in Fighting
  5904 | D:5      | Reached XP level 8. HP: 23/49 MP: 2/12
  6161 | D:5      | Found a blossoming altar of Fedhas.
  6210 | D:5      | Reached skill level 2 in Conjurations
  6213 | D:5      | Reached skill level 3 in Conjurations
  6261 | D:5      | Reached skill level 4 in Conjurations
  6360 | D:5      | Reached skill level 5 in Conjurations
  6610 | D:6      | Reached skill level 6 in Conjurations
  6700 | D:6      | Reached XP level 9. HP: 26/54 MP: 8/15
  6959 | D:6      | Reached skill level 7 in Conjurations
  7135 | D:6      | Learned a level 4 spell: Airstrike
  7292 | D:6      | Reached * piety under Vehumet
  7292 | D:6      | Offered knowledge of Magic Dart by Vehumet.
  7293 | D:6      | Reached skill level 8 in Conjurations
  7828 | D:6      | Found a glowing golden altar of the Shining One.
  7857 | D:6      | Found a shadowy altar of Dithmenos.
  8071 | D:6      | Noticed a troll
  8109 | D:7      | Reached skill level 9 in Conjurations
  8261 | D:7      | Reached skill level 5 in Spellcasting
  8460 | D:7      | Offered knowledge of Poisonous Vapours by Vehumet.
  8536 | D:7      | Reached ** piety under Vehumet
  8617 | D:7      | Reached skill level 10 in Conjurations
  8975 | D:7      | Noticed Prince Ribbit
  8984 | D:7      | Killed Prince Ribbit
  8985 | D:7      | Reached XP level 10. HP: 35/59 MP: 14/19
  9471 | D:8      | Found a shimmering altar of Xom.
  9571 | D:8      | Reached skill level 11 in Conjurations
  9626 | D:8      | Found a staircase to the Lair.
  9667 | D:8      | Found a transporter.
  9799 | D:8      | Offered knowledge of Ignite Poison by Vehumet.
  9964 | D:8      | Identified the +5 chain mail "Zeimnaehi" {rC+ Dex+3 Stlth+}
 10057 | D:8      | Noticed a two-headed ogre
 10057 | D:8      | Noticed a tengu warrior
 10075 | D:8      | Mangled by a tengu warrior

Illustrated notes

Levels and vault maps discovered:
D:1:      giann_forest_graveyard, layout_basic
D:2:      layout_rooms, serial_shops, shop, nicolae_shop_waterfront, shop, shop,
          nicolae_shop_behind_doors, serial_undead, serial_undead_b,
          serial_undead_f, serial_undead_e, serial_undead_b
D:3:      layout_basic, gammafunk_ghost_cemetery, st_stairs_6, uniq_jessica,
          uniq_terence
D:4:      layout_loops_cross, temple_green, gup_sewer_entry_spiral,
          nicolae_ossuary_entry_monument, minmay_shop_mass
D:5:      layout_loops_ring, fedhas_altar_decomposition, uniq_grinder,
          uniq_edmund
D:6:      layout_basic, mainiacjoe_overflow_swirl, gammafunk_ghost_necromancy,
          hangedman_decor_push, kennysheep_small_square
D:7:      layout_gridville, uniq_prince_ribbit1
D:8:      layout_gridville, kb_xom_exploding_sheep, dpeg_oklobed_lair,
          gammafunk_ghost_smash, minmay_shattered_shrine
Temple:   cyrus_circular_temple

Skill      XL: |  1  2  3  4  5  6  7  8  9 10 |
---------------+-------------------------------+-----
Fighting       | 1 2 3 5 |  5.1
Air Magic      | 5 6 7 8 10 | 10.8
Conjurations   | 6 10 11 | 11.1
Spellcasting   | 3 5 |  5.9
Dodging        | 3 4 |  4.0
Stealth        | |  2.0

Action                   |  1- 3 |  4- 6 |  7- 9 | 10-12 || total
-------------------------+-------+-------+-------+-------++-------
Melee: Unarmed           |     6 |    33 |    27 |       ||    66
       Kick              |     3 |     9 |    12 |     1 ||    25
       Peck              |     2 |    11 |     3 |       ||    16
       Dagger            |       |       |     1 |     3 ||     4
 Cast: Shock             |    84 |   153 |   269 |    15 ||   521
       Static Discharge  |       |       |    18 |     7 ||    25
       Airstrike         |       |       |     9 |    15 ||    24
  Use: Scroll            |       |       |     2 |       ||     2
       Potion            |       |       |       |     1 ||     1
 Stab: Sleeping          |     1 |       |       |       ||     1
Armor: Robe              |     5 |     9 |     8 |     1 ||    23
Dodge: Dodged            |    10 |    47 |    59 |     4 ||   120
